 Dungeon Crawl Stone Soup version 0.31.0-9-g3a7656b989 (webtiles) character file.

Game seed: 4416697580284606317

27762 qw the Marksdemigod (level 12, -19/104 HPs)
             Began as a Demigod Hunter on Feb 2, 2024.
             Demolished by Rupert
             ... wielding a +1 great mace of protection
              (34 damage)
             ... on level 3 of the Lair of Beasts.
             The game lasted 00:02:06 (14205 turns).

qw the Marksdemigod (Demigod Hunter)               Turns: 14205, Time: 00:02:06

Health: -19/104    AC: 16    Str: 18    XL:     12   Next: 71%
Magic:  15/15      EV: 22    Int: 11    God:
Gold:   502        SH:  5    Dex: 33    Spells: 11/11 levels left

rFire   . . .        w - +1 arbalest
rCold   . . .        (shield currently unavailable)
rNeg    . . .        i - +2 ring mail {rPois}
rPois   +            b - +2 helmet {SInv}
rElec   .            (no cloak)
rCorr   .            c - +2 pair of gloves
SInv    +            g - +1 pair of boots
Will    +....        d - amulet of reflection
Stlth   ++           m - +6 ring of strength
HPRegen 0.37/turn    (no ring)
MPRegen 0.14/turn

%: reflection
@: no status effects
A: high MP 1, forlorn, divine attributes, mutation resistance 1
a: no special abilities


You were on level 3 of the Lair of Beasts.
You visited 2 branches of the dungeon, and saw 14 of its levels.

You collected 783 gold pieces.
You spent 281 gold pieces at shops.


Innate Abilities, Weirdness & Mutations

You have an increased reservoir of magic. (+10% MP)
You shall have no god before yourself.
Your divine heritage dramatically boosts your attributes as you level up.
You are somewhat resistant to further mutation.


   Skills:
 - Level 9.0 Fighting
 + Level 15.3 Ranged Weapons
 - Level 5.1 Armour
 - Level 10.0 Dodging
 - Level 0.8 Stealth


You had 11 spell levels left.
You didn't know any spells.
Your spell library was empty.

Inventory:

Hand Weapons
 w - a +1 arbalest (weapon)
Armour
 b - a +2 helmet of see invisible (worn)
 c - a +2 pair of gloves (worn)
 g - a +1 pair of boots (worn)
 h - a +2 robe of fire resistance
 i - a +2 ring mail of poison resistance (worn)
 j - a +0 troll leather armour
 l - the +2 pair of gloves of Haunted Intercession {Harm rElec Will- Stlth+}
   (You found it on level 5 of the Dungeon)

   rElec:     It insulates you from electricity.
   Will-:     It decreases your willpower.
   Harm:      It increases damage dealt and taken.
   Stlth+:    It makes you more stealthy.
Jewellery
 d - an amulet of reflection (around neck)
 f - a ring of fire
 m - a +6 ring of strength (left hand)
 n - a ring of see invisible
 v - a ring of poison resistance
 x - a ring of ice
Wands
 p - a wand of iceblast (15)
 q - a wand of paralysis (3)
Scrolls
 a - a scroll of amnesia {unknown}
Potions
 e - a potion of enlightenment
 k - a potion of mutation
 o - a potion of might
 r - a potion of attraction {unknown}
 t - 3 potions of curing

Dungeon Overview and Level Annotations

Branches:
Dungeon (11/15)            Temple (0/1) D:7            Lair (3/5) D:9
  Swamp (0/4) Lair:3          Orc (0/2) D:9
  Snake: Lair:2-3    Spider: Lair:2-3

Shops:
D:6 *   D:8 =   D:9 [   D:10 :

Annotations:
D:9 2 runed translucent doors, qw's ghost, novice DjHu
D:10 2 transporters, qw's ghost, journeyman DjHu
Lair:1 1 runed translucent door
Lair:3 Rupert


Message History

Rupert hits you with a +1 great mace of protection!
You can move again.
You shoot a bolt.
The bolt hits Rupert but does no damage.
Rupert is moderately wounded.
Rupert hits you with a +1 great mace of protection!
You shoot a bolt. The bolt barely misses Rupert.
The bolt hits the fungus!!
The fungus begins to die.
The fungus is lightly damaged.
Rupert completely misses you.
You shoot a bolt. The bolt hits Rupert.
Rupert is moderately wounded.
Rupert lets out a booming laugh, sending rocks and debris crashing down.
Rupert hits you with a +1 great mace of protection!
You shoot a bolt.
The bolt hits Rupert but does no damage.
Rupert is moderately wounded.
Rupert roars madly and goes into a rage!
Rupert goes berserk!
Rupert misses you.
You shoot a bolt. The bolt hits Rupert!!
Rupert is heavily wounded.
A nearby fungus withers and dies.
Rupert completely misses you.
Rupert hits you with a +1 great mace of protection!!
You shoot a bolt. The bolt hits Rupert.
Rupert is heavily wounded.
Rupert closely misses you.
You shoot a bolt. The bolt closely misses Rupert.
Rupert hits you with a +1 great mace of protection!
You block Rupert's attack.
You shoot a bolt. The bolt hits Rupert!!
Rupert is severely wounded.
Rupert completely misses you. You block Rupert's attack.
You shoot a bolt. The bolt completely misses Rupert.
Rupert closely misses you. You block Rupert's attack.
You shoot a bolt.
The bolt hits Rupert but does no damage.
Rupert is heavily wounded.
Rupert hits you with a +1 great mace of protection!! x2
You die...
Rupert roars with triumph.

.....# P#..
#..$..### #.....
#....#.##.......
.......#..$....#
.........)....#
#.............
#@...........
#.@..........
##...........
###.........
#.#........
#.#........
#..........
#........:.
##.%.>.....
###.....77777


You could see Rupert (berserk).

Vanquished Creatures
  Gastronok (Lair:1)
  2 catoblepae
  Erica (D:11)
  Sonja (Lair:2)
  A skyshark (Lair:2)
  Pikel (D:9)
  An ugly thing (D:11)
  2 spectral boulder beetles (D:10)
  3 spectral centaurs (D:10)
  2 torpor snails
  3 centaur zombies (D:10)
  2 black mambas
  4 cane toads
  A gargoyle (D:10)
  2 komodo dragons
  A centaur skeleton (D:10)
  A kobold demonologist (D:10)
  4 trolls
  7 blink frogs (Lair:2)
  A spectral black mamba (D:10)
  A vampire (D:10)
  2 wyverns
  5 shadows
  23 yaks
  Eustachio (D:5)
  A warg (D:10)
  5 wraiths
  2 steam dragons
  5 basilisks
  4 vampire mosquitoes (D:10)
  A swamp worm (Lair:3)
  An acid dragon (D:8)
  6 water moccasins
  A hell hound (D:10)
  5 orc warriors
  A boulder beetle simulacrum (D:10)
  2 ice beasts
  A black mamba simulacrum (D:10)
  3 ogres
  2 black bears
  7 wolves
  4 lemures (D:9)
  A centaur (D:10)
  2 phantoms
  2 kobold brigands
  11 weeping skulls (D:10)
  6 bullfrogs
  2 gnoll sergeants
  2 scorpions (D:6)
  15 wights
  23 killer bees
  6 howler monkeys
  A jelly (D:5)
  A bombardier beetle (D:5)
  3 orc priests
  3 hounds
  4 iguanas
  7 orc wizards
  2 hell rats (D:10)
  A howler monkey zombie (D:10)
  Robin (D:3)
  15 gnolls
  10 adders
  A shadow imp (D:5)
  A white imp (D:5)
  A ribbon worm (D:2)
  5 dart slugs
  26 orcs
  3 ball pythons
  6 endoplasms
  2 giant cockroaches
  11 goblins
  5 hobgoblins
  10 kobolds
  7 quokkas
  2 bats
  2 frilled lizards
  8 rats
332 creatures vanquished.

Notes
Turn   | Place    | Note
-------+----------+-------------------------------------------
     0 | D:1      | qw the Demigod Hunter began the quest for the Orb.
     0 | D:1      | Reached XP level 1. HP: 17/17 MP: 3/3
     0 | D:1      | 0 ||| qw: Version: 0.3-a-155-g5e7d8dd
     0 | D:1      | 0 ||| qw: Game counter: 350
     0 | D:1      | 0 ||| qw: Melee chars always use a shield: true
     0 | D:1      | 0 ||| qw: God list: Okawaru
     0 | D:1      | 0 ||| qw: Allow faded altars: false
     0 | D:1      | 0 ||| qw: Do Orc after clearing Dungeon:15 true
     0 | D:1      | 0 ||| qw: Do second Lair branch before Depths: true
     0 | D:1      | 0 ||| qw: Lair rune preference: random
     0 | D:1      | 0 ||| qw: Goals: Normal
     0 | D:1      | 0 ||| PLANNING D:1-11
   309 | D:1      | Reached skill level 4 in Ranged Weapons
   406 | D:1      | Reached XP level 2. HP: 24/24 MP: 4/4
   962 | D:1      | 962 ||| UPGRADING to +2 ring mail of poison resistance.
   972 | D:1      | 972 ||| DROPPING +0 leather armour.
   973 | D:1      | 973 ||| READING scroll labelled XEYSHR DANKIEZA.
   973 | D:1      | 973 ||| ENCHANTING +0 shortbow.
   974 | D:1      | 974 ||| READING scroll labelled HABODGH ANYC.
  1075 | D:1      | 1075 ||| READING scroll labelled MIFOPUUJUA.
  1076 | D:1      | 1076 ||| READING 2 scrolls labelled ILAINO EHORU.
  1077 | D:1      | 1077 ||| DROPPING scroll of butterflies.
  1078 | D:1      | 1078 ||| DROPPING scroll of fog.
  1104 | D:2      | 1104 ||| STAIRDANCE
  1138 | D:2      | 1138 ||| STAIRDANCE
  1144 | D:2      | 1144 ||| STAIRDANCE
  1310 | D:2      | Reached XP level 3. HP: 29/29 MP: 5/5
  1787 | D:2      | Reached skill level 5 in Ranged Weapons
  1834 | D:2      | 1834 ||| DROPPING +0 robe of positive energy.
  1835 | D:2      | 1835 ||| UPGRADING to amulet of reflection.
  1840 | D:2      | 1840 ||| READING scroll labelled LOASTA GUVOODD.
  1893 | D:2      | 1893 ||| READING scroll labelled FUNAEM JEDGHOYL.
  1894 | D:2      | 1894 ||| DRINKING 2 fizzy golden potions.
  1948 | D:3      | 1948 ||| DRINKING potion of curing.
  1948 | D:3      | 1948 ||| (to cure confusion)
  1951 | D:3      | Reached XP level 4. HP: 17/36 MP: 6/6
  1961 | D:3      | Reached skill level 1 in Armour
  2156 | D:3      | Noticed Robin
  2165 | D:3      | Killed Robin
  2428 | D:3      | Reached XP level 5. HP: 41/41 MP: 7/7
  2908 | D:3      | 2908 ||| UPGRADING to +1 helmet of see invisible.
  2913 | D:3      | 2913 ||| READING scroll labelled KALOIDD SAROSM.
  2914 | D:3      | 2914 ||| READING scroll labelled TADDAWN ZUCOX.
  2914 | D:3      | 2914 ||| BRANDING +0 shortbow.
  2915 | D:3      | 2915 ||| READING scroll labelled NAGUR PANEL.
  3233 | D:4      | You fall into a shaft and drop 3 floors!
  3239 | D:7      | Found a staircase to the Ecumenical Temple.
  3249 | D:7      | Reached skill level 6 in Ranged Weapons
  3335 | D:7      | Reached XP level 6. HP: 39/50 MP: 8/8
  3401 | D:7      | Noticed a wyvern
  3403 | D:7      | 3403 ||| RETREEEEATING.
  3405 | D:7      | 3405 ||| RETREEEEATING.
  3414 | D:7      | Reached skill level 3 in Fighting
  3414 | D:7      | Killed a wyvern
  3415 | D:7      | Reached skill level 3 in Dodging
  3415 | D:7      | Reached XP level 7. HP: 58/58 MP: 9/9
  3430 | D:7      | 3430 ||| UPGRADING to +0 pair of gloves.
  3435 | D:7      | 3435 ||| UPGRADING to +1 pair of boots.
  3466 | D:6      | 3466 ||| FLEEEEING.
  3467 | D:6      | 3467 ||| STAIRDANCE
  3468 | D:5      | Entered Level 5 of the Dungeon
  3494 | D:5      | Reached skill level 7 in Ranged Weapons
  4095 | D:4      | 4095 ||| READING scroll labelled FUMYATHIFYE.
  4348 | D:5      | Noticed Eustachio
  4360 | D:5      | 4360 ||| RETREEEEATING.
  4361 | D:5      | 4361 ||| RETREEEEATING.
  4362 | D:5      | 4362 ||| RETREEEEATING.
  4363 | D:5      | 4363 ||| RETREEEEATING.
  4364 | D:5      | 4364 ||| RETREEEEATING.
  4372 | D:5      | 4372 ||| RETREEEEATING.
  4380 | D:5      | Killed Eustachio
  4381 | D:5      | Reached skill level 8 in Ranged Weapons
  4381 | D:5      | Reached XP level 8. HP: 66/66 MP: 10/10
  4504 | D:5      | 4504 ||| READING scroll of enchant armour.
  4504 | D:5      | 4504 ||| ENCHANTING +0 pair of gloves.
  4614 | D:5      | Identified the +2 pair of gloves of Haunted Intercession
                  | {Harm rElec Will- Stlth+}
  4732 | D:5      | 4732 ||| READING scroll labelled HOTSAO VIANTE.
  4733 | D:5      | 4733 ||| DRINKING 3 bubbling golden potions.
  4734 | D:5      | 4734 ||| DROPPING 2 potions of degeneration.
  4885 | D:6      | Found Qorel's General Store.
  4889 | D:6      | 4889 ||| BUYING potion of might (56 gold).
  4889 | D:6      | Bought a potion of might for 56 gold pieces
  4911 | D:6      | 4911 ||| RETREEEEATING.
  4916 | D:6      | Reached skill level 9 in Ranged Weapons
  4988 | D:6      | 4988 ||| RETREEEEATING.
  4994 | D:6      | 4994 ||| RETREEEEATING.
  5505 | D:6      | 5505 ||| UPGRADING to +6 ring of strength.
  5506 | D:6      | 5506 ||| READING scroll labelled XAIHOQ BOAFET.
  5506 | D:6      | 5506 ||| IDENTIFYING pink potion
  5507 | D:6      | 5507 ||| DRINKING 2 fuming silvery potions.
  5508 | D:6      | 5508 ||| DRINKING 2 fizzy yellow potions.
  5508 | D:6      | Gained mutation: You are somewhat resistant to further
                  | mutation. [potion of mutation]
  5509 | D:6      | 5509 ||| DROPPING potion of magic.
  5674 | D:7      | Reached XP level 9. HP: 74/74 MP: 11/11
  6066 | D:7      | 6066 ||| DROPPING +6 ring of intelligence.
  6067 | D:7      | 6067 ||| READING 2 scrolls of identify.
  6067 | D:7      | 6067 ||| IDENTIFYING yellow potion
  6068 | D:7      | 6068 ||| READING scroll of identify.
  6068 | D:7      | 6068 ||| IDENTIFYING ruby potion
  6069 | D:7      | 6069 ||| READING scroll labelled GELUBO KUGAD.
  6070 | D:7      | 6070 ||| DROPPING wand of flame (22).
  6112 | D:8      | 6112 ||| STAIRDANCE
  6163 | D:8      | 6163 ||| STAIRDANCE
  6167 | D:7      | Reached skill level 10 in Ranged Weapons
  6415 | D:8      | Reached skill level 6 in Dodging
  6472 | D:8      | Found Zaontinash's Jewellery Emporium.
  6480 | D:8      | 6480 ||| SHOPLISTING +4 ring of protection (540 gold, have
                  | 317).
  6480 | D:8      | 6480 ||| SHOPLISTING ring of ice (375 gold, have 317).
  6480 | D:8      | 6480 ||| BUYING ring of see invisible (225 gold).
  6480 | D:8      | Bought a ring of see invisible for 225 gold pieces
  6480 | D:8      | 6480 ||| SHOPLISTING ring of willpower (375 gold, have 92).
  6541 | D:8      | Reached skill level 3 in Armour
  6711 | D:8      | 6711 ||| READING scroll of enchant armour.
  6711 | D:8      | 6711 ||| ENCHANTING +1 pair of gloves.
  6918 | D:8      | Reached skill level 6 in Fighting
  7357 | D:8      | 7357 ||| DRINKING 2 white potions.
  7358 | D:8      | 7358 ||| DROPPING potion of brilliance.
  7439 | D:9      | 7439 ||| RETREEEEATING.
  7441 | D:9      | 7441 ||| RETREEEEATING.
  7452 | D:9      | 7452 ||| RETREEEEATING.
  7453 | D:9      | 7453 ||| RETREEEEATING.
  7454 | D:9      | 7454 ||| RETREEEEATING.
  7456 | D:9      | 7456 ||| RETREEEEATING.
  7457 | D:9      | 7457 ||| RETREEEEATING.
  7489 | D:9      | 7489 ||| RETREEEEATING.
  7559 | D:9      | 7559 ||| READING scroll of enchant armour.
  7559 | D:9      | 7559 ||| ENCHANTING +1 helmet of see invisible.
  7588 | D:9      | Noticed Pikel
  7589 | D:9      | 7589 ||| DRINKING 2 potions of haste.
  7650 | D:9      | 7650 ||| DRINKING potion of haste.
  7654 | D:9      | Killed Pikel
  7764 | D:9      | Found Bosut's Armour Shop.
  7859 | D:9      | Reached skill level 11 in Ranged Weapons
  7863 | D:9      | 7863 ||| RETREEEEATING.
  7870 | D:9      | Reached XP level 10. HP: 83/83 MP: 13/13
  7914 | D:9      | Found a staircase to the Orcish Mines.
  8002 | D:9      | Found a large runed translucent door.
  8094 | D:9      | Found a large runed translucent door.
  8094 | D:9      | Noticed qw's ghost (novice DjHu)
  8304 | D:9      | Identified the +0 leather armour "Puoholeu" {+Inv rElec rC+
                  | Stlth-}
  8456 | D:9      | 8456 ||| SWAPPING to +0 orcbow.
  8457 | D:9      | 8457 ||| DROPPING +0 shortbow of draining.
  8476 | D:9      | Found a staircase to the Lair.
  8606 | D:10     | Entered Level 10 of the Dungeon
  8610 | D:10     | 8610 ||| STAIRDANCE
  8671 | D:10     | 8671 ||| STAIRDANCE
  8684 | D:10     | 8684 ||| STAIRDANCE
  8708 | D:10     | 8708 ||| STAIRDANCE
  8782 | D:10     | 8782 ||| RETREEEEATING.
  8784 | D:10     | 8784 ||| RETREEEEATING.
  8796 | D:10     | Reached skill level 12 in Ranged Weapons
  8845 | D:10     | 8845 ||| FLEEEEING.
  8938 | D:10     | 8938 ||| FLEEEEING.
  8966 | D:10     | 8966 ||| FLEEEEING.
  8967 | D:10     | 8967 ||| FLEEEEING.
  8968 | D:10     | 8968 ||| FLEEEEING.
  8969 | D:10     | 8969 ||| STAIRDANCE
  9096 | D:10     | Noticed a tengu warrior
  9096 | D:10     | Noticed a two-headed ogre
  9097 | D:10     | Noticed a moth of wrath
  9097 | D:10     | Noticed qw's ghost (journeyman DjHu)
  9104 | D:10     | Found a transporter.
  9104 | D:10     | Found a transporter.
  9329 | D:10     | Noticed a two-headed ogre
  9629 | D:10     | 9629 ||| RETREEEEATING.
  9633 | D:10     | 9633 ||| RETREEEEATING.
  9635 | D:10     | 9635 ||| RETREEEEATING.
  9636 | D:10     | 9636 ||| RETREEEEATING.
  9637 | D:10     | 9637 ||| RETREEEEATING.
  9638 | D:10     | 9638 ||| RETREEEEATING.
  9639 | D:10     | 9639 ||| RETREEEEATING.
  9640 | D:10     | 9640 ||| RETREEEEATING.
  9641 | D:10     | 9641 ||| RETREEEEATING.
  9642 | D:10     | 9642 ||| RETREEEEATING.
  9643 | D:10     | 9643 ||| RETREEEEATING.
  9644 | D:10     | 9644 ||| RETREEEEATING.
  9645 | D:10     | 9645 ||| RETREEEEATING.
  9646 | D:10     | 9646 ||| RETREEEEATING.
  9647 | D:10     | 9647 ||| RETREEEEATING.
  9648 | D:10     | 9648 ||| RETREEEEATING.
  9649 | D:10     | 9649 ||| RETREEEEATING.
  9650 | D:10     | 9650 ||| RETREEEEATING.
  9651 | D:10     | 9651 ||| RETREEEEATING.
  9666 | D:10     | Reached skill level 13 in Ranged Weapons
  9666 | D:10     | Reached XP level 11. HP: 37/92 MP: 14/14
  9667 | D:10     | HP: 22/92 [troll (9)]
  9668 | D:10     | 9668 ||| READING 2 scrolls of teleportation.
  9669 | D:10     | 9669 ||| DRINKING potion of heal wounds.
  9744 | D:10     | 9744 ||| FLEEEEING.
  9745 | D:10     | 9745 ||| FLEEEEING.
  9752 | D:10     | 9752 ||| FLEEEEING.
  9760 | D:10     | 9760 ||| FLEEEEING.
  9974 | D:10     | Identified the +5 hand axe of the Blessed Realm {speed,
                  | rF+}
  9986 | D:10     | 9986 ||| RETREEEEATING.
  9987 | D:10     | 9987 ||| RETREEEEATING.
  9989 | D:10     | 9989 ||| RETREEEEATING.
  9990 | D:10     | 9990 ||| RETREEEEATING.
  9991 | D:10     | 9991 ||| RETREEEEATING.
  9992 | D:10     | 9992 ||| RETREEEEATING.
  9995 | D:10     | 9995 ||| RETREEEEATING.
 10115 | D:10     | Found Ziumun's Book Emporium.
 10182 | D:10     | 10182 ||| RETREEEEATING.
 10183 | D:10     | 10183 ||| RETREEEEATING.
 10184 | D:10     | 10184 ||| RETREEEEATING.
 10185 | D:10     | 10185 ||| RETREEEEATING.
 10186 | D:10     | 10186 ||| RETREEEEATING.
 10187 | D:10     | 10187 ||| RETREEEEATING.
 10188 | D:10     | 10188 ||| RETREEEEATING.
 10189 | D:10     | 10189 ||| RETREEEEATING.
 10190 | D:10     | 10190 ||| RETREEEEATING.
 10191 | D:10     | 10191 ||| RETREEEEATING.
 10192 | D:10     | 10192 ||| RETREEEEATING.
 10193 | D:10     | 10193 ||| RETREEEEATING.
 10194 | D:10     | 10194 ||| RETREEEEATING.
 10195 | D:10     | 10195 ||| RETREEEEATING.
 10196 | D:10     | 10196 ||| RETREEEEATING.
 10336 | D:10     | 10336 ||| RETREEEEATING.
 10343 | D:10     | 10343 ||| RETREEEEATING.
 10344 | D:10     | 10344 ||| RETREEEEATING.
 10422 | D:10     | 10422 ||| SWAPPING to +0 arbalest.
 10424 | D:10     | 10424 ||| RETREEEEATING.
 10425 | D:10     | 10425 ||| RETREEEEATING.
 10426 | D:10     | 10426 ||| RETREEEEATING.
 10427 | D:10     | 10427 ||| RETREEEEATING.
 10428 | D:10     | 10428 ||| RETREEEEATING.
 10429 | D:10     | 10429 ||| RETREEEEATING.
 10430 | D:10     | 10430 ||| RETREEEEATING.
 10538 | D:10     | 10538 ||| DROPPING +0 orcbow.
 10552 | D:10     | Identified the +8 whip "Boops" {flame, rPois Will+}
 10760 | D:10     | 10760 ||| DROPPING +0 leather armour "Puoholeu" {+Inv rElec
                  | rC+ Stlth-}.
 10761 | D:10     | 10761 ||| DROPPING +0 acid dragon scales.
 10762 | D:10     | 10762 ||| READING scroll of identify.
 10762 | D:10     | 10762 ||| IDENTIFYING scroll labelled YMASMU SOGULI
 10763 | D:10     | 10763 ||| READING scroll of enchant weapon.
 10763 | D:10     | 10763 ||| ENCHANTING +0 arbalest.
 10764 | D:10     | 10764 ||| READING 2 scrolls labelled HEICU RUOBU.
 10765 | D:10     | 10765 ||| DROPPING scroll of revelation.
 10786 | D:11     | Reached skill level 14 in Ranged Weapons
 10905 | D:10     | 10905 ||| Stepping randomly (stuck).
 10906 | D:10     | 10906 ||| Stepping randomly (stuck).
 10907 | D:10     | 10907 ||| Stepping randomly (stuck).
 10908 | D:10     | 10908 ||| Stepping randomly (stuck).
 10909 | D:10     | 10909 ||| Stepping randomly (stuck).
 10910 | D:10     | 10910 ||| Stepping randomly (stuck).
 10911 | D:10     | 10911 ||| Stepping randomly (stuck).
 10912 | D:10     | 10912 ||| Stepping randomly (stuck).
 10913 | D:10     | 10913 ||| Stepping randomly (stuck).
 10914 | D:10     | 10914 ||| Stepping randomly (stuck).
 10915 | D:10     | 10915 ||| Stepping randomly (stuck).
 10916 | D:10     | 10916 ||| Stepping randomly (stuck).
 10917 | D:10     | 10917 ||| Stepping randomly (stuck).
 10918 | D:10     | 10918 ||| Stepping randomly (stuck).
 10919 | D:10     | 10919 ||| Stepping randomly (stuck).
 10920 | D:10     | 10920 ||| Stepping randomly (stuck).
 10921 | D:10     | 10921 ||| Stepping randomly (stuck).
 10922 | D:10     | 10922 ||| Stepping randomly (stuck).
 10923 | D:10     | 10923 ||| Stepping randomly (stuck).
 10924 | D:10     | 10924 ||| Stepping randomly (stuck).
 10925 | D:10     | 10925 ||| Stepping randomly (stuck).
 10926 | D:10     | 10926 ||| Stepping randomly (stuck).
 10927 | D:10     | 10927 ||| Stepping randomly (stuck).
 10928 | D:10     | 10928 ||| Stepping randomly (stuck).
 10929 | D:10     | 10929 ||| Stepping randomly (stuck).
 10930 | D:10     | 10930 ||| Stepping randomly (stuck).
 10931 | D:10     | 10931 ||| Stepping randomly (stuck).
 10932 | D:10     | 10932 ||| Stepping randomly (stuck).
 10933 | D:10     | 10933 ||| Stepping randomly (stuck).
 10934 | D:10     | 10934 ||| Stepping randomly (stuck).
 10935 | D:10     | 10935 ||| Stepping randomly (stuck).
 10936 | D:10     | 10936 ||| Stepping randomly (stuck).
 10937 | D:10     | 10937 ||| Stepping randomly (stuck).
 10938 | D:10     | 10938 ||| Stepping randomly (stuck).
 10939 | D:10     | 10939 ||| Stepping randomly (stuck).
 10940 | D:10     | 10940 ||| Stepping randomly (stuck).
 10941 | D:10     | 10941 ||| Stepping randomly (stuck).
 10942 | D:10     | 10942 ||| Stepping randomly (stuck).
 10943 | D:10     | 10943 ||| Stepping randomly (stuck).
 10944 | D:10     | 10944 ||| Stepping randomly (stuck).
 10945 | D:10     | 10945 ||| Stepping randomly (stuck).
 10946 | D:10     | 10946 ||| Stepping randomly (stuck).
 10947 | D:10     | 10947 ||| Stepping randomly (stuck).
 10948 | D:10     | 10948 ||| Stepping randomly (stuck).
 10949 | D:10     | 10949 ||| Stepping randomly (stuck).
 10950 | D:10     | 10950 ||| Stepping randomly (stuck).
 10951 | D:10     | 10951 ||| Stepping randomly (stuck).
 10952 | D:10     | 10952 ||| Stepping randomly (stuck).
 10953 | D:10     | 10953 ||| Stepping randomly (stuck).
 10954 | D:10     | 10954 ||| Stepping randomly (stuck).
 10955 | D:10     | 10955 ||| Stepping randomly (stuck).
 10956 | D:10     | 10956 ||| READING scroll of teleportation.
 11218 | D:11     | Noticed Erica
 11220 | D:11     | 11220 ||| ZAPPING wand of iceblast (19) at 0,4 (floor).
 11221 | D:11     | 11221 ||| ZAPPING wand of iceblast (18) at 0,3 (floor).
 11222 | D:11     | 11222 ||| ZAPPING wand of iceblast (17) at 0,3 (floor).
 11223 | D:11     | 11223 ||| ZAPPING wand of iceblast (16) at 0,2 (floor).
 11223 | D:11     | Killed Erica
 11286 | D:11     | Reached skill level 9 in Dodging
 11375 | D:11     | 11375 ||| PLANNING LAIR
 11467 | Lair:1   | Entered Level 1 of the Lair of Beasts
 11467 | Lair:1   | Noticed Gastronok
 11467 | Lair:1   | Noticed a catoblepas
 11468 | Lair:1   | 11468 ||| STAIRDANCE
 11683 | Lair:1   | 11683 ||| STAIRDANCE
 11848 | Lair:1   | 11848 ||| STAIRDANCE
 11851 | D:9      | 11851 ||| Stepping ~*~*~tactically~*~*~ (cloud).
 11854 | D:9      | 11854 ||| Stepping ~*~*~tactically~*~*~ (cloud).
 11858 | D:9      | Killed a catoblepas
 12052 | Lair:1   | 12052 ||| STAIRDANCE
 12267 | Lair:1   | Killed Gastronok
 12268 | Lair:1   | Reached XP level 12. HP: 57/101 MP: 15/15
 12728 | Lair:1   | 12728 ||| RETREEEEATING.
 12744 | Lair:1   | Reached skill level 15 in Ranged Weapons
 12855 | Lair:1   | Noticed a catoblepas
 12855 | Lair:1   | Noticed a dire elephant
 12877 | Lair:1   | Found a runed translucent door.
 13134 | Lair:1   | 13134 ||| RETREEEEATING.
 13136 | Lair:1   | 13136 ||| RETREEEEATING.
 13140 | Lair:1   | 13140 ||| DRINKING potion of haste.
 13162 | Lair:1   | Reached skill level 9 in Fighting
 13280 | Lair:1   | 13280 ||| DRINKING 2 emerald potions.
 13281 | Lair:1   | 13281 ||| DRINKING 5 potions of curing.
 13281 | Lair:1   | 13281 ||| (to cure confusion)
 13282 | Lair:1   | 13282 ||| DROPPING potion of ambrosia.
 13493 | Lair:2   | 13493 ||| Stepping ~*~*~tactically~*~*~ (cloud).
 13568 | Lair:2   | 13568 ||| RETREEEEATING.
 13590 | Lair:2   | 13590 ||| RETREEEEATING.
 13591 | Lair:2   | 13591 ||| RETREEEEATING.
 13592 | Lair:2   | 13592 ||| RETREEEEATING.
 13594 | Lair:2   | 13594 ||| RETREEEEATING.
 13596 | Lair:2   | 13596 ||| RETREEEEATING.
 13600 | Lair:2   | 13600 ||| RETREEEEATING.
 13796 | Lair:2   | Noticed Sonja
 13801 | Lair:2   | Killed Sonja
 14065 | Lair:2   | 14065 ||| DROPPING +1 pair of gloves.
 14066 | Lair:2   | 14066 ||| DROPPING scarf of harm.
 14067 | Lair:2   | 14067 ||| DRINKING 3 purple potions.
 14068 | Lair:2   | 14068 ||| DROPPING 2 potions of invisibility.
 14154 | Lair:3   | Found a staircase to the Swamp.
 14159 | Lair:3   | Noticed a catoblepas
 14163 | Lair:3   | 14163 ||| Stepping ~*~*~tactically~*~*~ (cloud).
 14170 | Lair:3   | Killed a catoblepas
 14187 | Lair:3   | Noticed Rupert
 14190 | Lair:3   | 14190 ||| DRINKING 4 potions of curing.
 14190 | Lair:3   | 14190 ||| (to cure confusion)
 14192 | Lair:3   | Paralysed by Rupert for 4 turns
 14205 | Lair:3   | HP: 15/104 [Rupert/+1 great mace of protection (24)]
 14205 | Lair:3   | Demolished by Rupert

Levels and vault maps discovered:
D:1:      saegor_arrival_simple_b, layout_loops_corners,
          chequers_ecumenical_altar_simple, grunt_decor_junction
D:2:      layout_basic, nicolae_hexahallways, st_stairs_9
D:3:      layout_basic, uniq_robin
D:4:      layout_basic
D:5:      layout_loops_cross, uniq_eustachio
D:6:      layout_rooms, serial_shops, nicolae_shop_back_alley_shop
D:7:      layout_loops_ring, temple_doors_e
D:8:      layout_basic, gammafunk_temple_overflow_elements, serial_shops, shop
D:9:      nicolae_cairo_tiling_large_dashed, layout_basic, david_orc_2,
          serial_shops, nicolae_shop_hallway_plus, ebering_ghost_disaster_area,
          serial_bayou_crossing, uniq_pikel
D:10:     lemuel_vampire_tower, layout_cave_pools,
          gammafunk_ghost_wrathful_warriors, serial_shops,
          nicolae_take_the_stairs
D:11:     layout_cave_pools, uniq_erica
Lair:1:   gammafunk_lair_enchanted_lake, layout_long_grid, uniq_gastronok
Lair:2:   layout_gridlike, uniq_sonja
Lair:3:   layout_hall_layers, minmay_swamp_entry_worms, dummy_snake_entry,
          nzn_sisyphean_effort, uniq_rupert

Skill      XL: |  1  2  3  4  5  6  7  8  9 10 11 12 |
---------------+-------------------------------------+-----
Ranged Weapons | 4 5 6 8 9 11 13 14 15 | 15.3
Fighting       | 2 3 5 6 7 8 9 |  9.0
Dodging        | 2 3 4 6 7 9 10 | 10.0
Armour         | 1 2 3 4 5 |  5.1
Stealth        | |  0.8

Action                     |  1- 3 |  4- 6 |  7- 9 | 10-12 || total
---------------------------+-------+-------+-------+-------++-------
   Fire: Shortbow          |   104 |   137 |   504 |    61 ||   806
         Orcbow            |       |       |       |   403 ||   403
         Arbalest          |       |       |       |   330 ||   330
  Evoke: Wand              |       |       |       |     4 ||     4
    Use: Scroll            |     6 |     3 |     9 |     5 ||    23
         Potion            |     2 |       |     6 |     6 ||    14
 Armour: Leather armour    |     5 |       |       |       ||     5
         Ring mail         |    30 |    46 |   165 |   326 ||   567
  Dodge: Dodged            |    25 |    45 |   226 |   436 ||   732
  Block: Other             |     1 |    21 |    75 |   110 ||   207
         Reflection        |       |       |     1 |     4 ||     5

Table legend:
 A = Non-vault XP
 B = Vault XP
 C = Vault XP percentage of total XP
 D = Non-vault monster count
 E = Vault monster count
 F = Vault count percentage of total count
                 A         B        C        D         E       F
            +---------+---------+-------+---------+---------+-------
      Total |   24581 |   15080 |  38.0 |     250 |      78 |  23.8
            +---------+---------+-------+---------+---------+-------
        D:1 |      39 |       2 |   4.9 |      19 |       1 |   5.0
        D:2 |      58 |       1 |   1.7 |      11 |       1 |   8.3
        D:3 |     159 |      35 |  18.0 |      17 |      11 |  39.3
        D:4 |     164 |       0 |   0.0 |      13 |       0 |   0.0
        D:5 |     731 |     197 |  21.2 |      15 |       1 |   6.2
        D:6 |    1105 |       0 |   0.0 |      30 |       0 |   0.0
        D:7 |    1486 |       0 |   0.0 |      22 |       0 |   0.0
        D:8 |    1026 |       0 |   0.0 |      18 |       0 |   0.0
        D:9 |    2998 |     805 |  21.2 |      29 |       8 |  21.6
       D:10 |    4146 |    9701 |  70.1 |      24 |      47 |  66.2
       D:11 |    1655 |     828 |  33.3 |      11 |       1 |   8.3
     Lair:1 |    4079 |    2572 |  38.7 |      18 |       6 |  25.0
     Lair:2 |    5221 |     772 |  12.9 |      20 |       1 |   4.8
     Lair:3 |    1714 |     167 |   8.9 |       3 |       1 |  25.0
            +---------+---------+-------+---------+---------+-------
